 Dungeon Crawl Stone Soup version 0.30-a0-297-g0ec75d9ef4 (webtiles) character file.

Game seed: 5531226757220031749

583 MrRokkomies the Sneak (level 7, 0/64 HPs)
             Began as an Armataur Delver on Oct 19, 2022.
             Was a Priest of Cheibriados.
             Slain by Edmund
             ... wielding a +2 flail of protection
              (7 damage)
             ... on level 5 of the Dungeon.
             The game lasted 00:08:11 (3868 turns).

MrRokkomies the Sneak (Armataur Delver)             Turns: 3868, Time: 00:08:12

Health: 0/64       AC:  8    Str: 25    XL:     7   Next: 14%
Magic:  8/8        EV:  9    Int: 17    God:    Cheibriados [***...]
Gold:   181        SH:  0    Dex: 20    Spells: 6/6 levels left

rFire   . . .      SeeInvis +    l - +0 dagger (venom)
rCold   . . .      Faith    .    (no shield)
rNeg    . . .      Spirit   .    t - +0 scale mail
rPois   .          Reflect  .    (no helmet)
rElec   .          Harm     .    (no cloak)
rCorr   .          Roll     +    q - +0 pair of gloves
Will    .....                    (no barding)
Stlth   ++........               (no amulet)
HPRegen 0.30/turn                s - ring of see invisible
MPRegen 0.11/turn                (no ring)

@: very slow
A: large, rugged brown scales 3, deformed body, armoured tail, roll, long
tongue, awkward tongue
a: Renounce Religion, Bend Time, Temporal Distortion


You were on level 5 of the Dungeon.
You worshipped Cheibriados.
Cheibriados was most pleased with you.
You visited 2 branches of the dungeon, and saw 6 of its levels.

You collected 271 gold pieces.
You spent 90 gold pieces at shops.

Inventory:

Hand Weapons
 a - a +0 mace
 l - a +0 dagger of venom (weapon)
Missiles
 p - 9 boomerangs (quivered)
Armour
 b - a +0 leather armour
 q - a +0 pair of gloves (worn)
 t - a +0 scale mail (worn)
Jewellery
 i - a ring of ice
 s - a ring of see invisible (left hand)
Wands
 g - a wand of digging (3)
 u - a wand of mindburst (11)
Scrolls
 c - 2 scrolls of fog
 d - 4 scrolls of magic mapping
 e - 2 scrolls of fear
 k - a scroll of teleportation
 v - a scroll of identify {unknown}
Potions
 f - 2 potions of resistance {unknown}
 h - 2 potions of cancellation {unknown}
 j - 2 potions of berserk rage {unknown}
 m - a potion of mutation {unknown}
 n - a potion of invisibility {unknown}
 o - 5 potions of curing
 r - a potion of flight {unknown}
 w - a potion of brilliance {unknown}


   Skills:
 * Level 4.9 Fighting
 - Level 1.7 Maces & Flails
 * Level 5.2 Armour
 + Level 2.7 Dodging
 - Level 5.4 Stealth
 + Level 2.4 Invocations


You had 6 spell levels left.
You didn't know any spells.
Your spell library contained the following spells:

 Spells                   Type           Power      Damage    Failure   Level
 Apportation              Tloc           0%         N/A       45%         1
 Poisonous Vapours        Pois/Air       0%         N/A       61%         2
 Kindle Blastsparks       Fire/Tloc/Air  0%         2d10      83%         3
 Vhi's Electric Charge    Tloc/Air       0%         N/A       83%         3
 Flame Wave               Conj/Fire      0%         2d4       99%         4
 Sticky Flame             Conj/Fire      0%         2d3       99%         4
 Alistair's Intoxication  Tmut/Pois      0%         N/A       100%        5
 Arcjolt                  Conj/Air       0%         1d10      100%        5
 Iskenderun's Battlesphe  Conj           0%         2d6       100%        5
 Eringya's Noxious Bog    Tmut/Pois      0%         N/A       100%        6
 Iron Shot                Conj/Erth      0%         9d1       100%        6
 Spellforged Servitor     Conj/Summ      0%         N/A       100%        7
 Maxwell's Capacitive Co  Air            0%         ∞         100%        8


Dungeon Overview and Level Annotations

Branches:
Dungeon (5/15)             Temple (1/1) D:4

Altars:
Ashenzari
Cheibriados
Dithmenos
Elyvilon
Fedhas
Gozag
Hepliaklqana
Kikubaaqudgha
Makhleb
Nemelex Xobeh
Okawaru
Qazlal
Ru
Sif Muna
Trog
Uskayaw
Wu Jian
Xom
Yredelemnul
Zin
The Shining One

Annotations:
D:5 2 transporters, Edmund


Innate Abilities, Weirdness & Mutations

You are completely covered in rugged brown scales. (AC +3, +7% HP)
Armour fits poorly on your strangely shaped body.
You have a long armoured tail.
You roll when moving toward enemies. (Rampage)
Your long tongue fully drains potion bottles. (2x potion effects)
Your tongue gives you trouble enunciating. (1.5x scroll delay)


Message History

Edmund is moderately wounded.
Edmund completely misses you.
You hit Edmund but do no damage.
Edmund looks as sick as possible!
Your tail-slap misses Edmund.
Your punch misses Edmund.
Edmund is moderately wounded.
Edmund hits you with a +2 flail of protection.
You hit Edmund but do no damage.
Edmund looks as sick as possible!
Your tail-slap misses Edmund.
Edmund is moderately wounded.
Edmund hits you with a +2 flail of protection.
You hit Edmund.
Your tail-slap misses Edmund.
Edmund is heavily wounded.
Edmund completely misses you.
You hit Edmund but do no damage.
Edmund looks as sick as possible!
Edmund is heavily wounded.
Edmund hits you with a +2 flail of protection.
You barely miss Edmund.
Edmund is severely wounded.
Edmund hits you with a +2 flail of protection!
* * * LOW HITPOINT WARNING * * *
You barely miss Edmund.
Edmund is severely wounded.
Edmund closely misses you.
You hit Edmund but do no damage.
Edmund is severely wounded.
Edmund hits you with a +2 flail of protection!
* * * LOW HITPOINT WARNING * * *
You slurp down every last drop of the 6 potions of curing!
You feel better.
Edmund hits you with a +2 flail of protection!
* * * LOW HITPOINT WARNING * * *
You hit Edmund but do no damage.
Edmund looks as sick as possible!
Edmund is almost dead.
Edmund says, "People accused me of being a cutpurse!"
Edmund hits you with a +2 flail of protection!
* * * LOW HITPOINT WARNING * * *
You hit Edmund but do no damage.
Edmund looks as sick as possible!
Edmund is almost dead.
Edmund hits you with a +2 flail of protection!
You die...

####......# .####
#..........
...########..
###....##.# .○.# ##.
#######......# ...#
.#..# ##...........#..#
...+
.#...##....†.......# ..
...+
☼#©.......#............
...+
.#..#.....###.........
...#
#.........####..##.###
...# #....@@.....#####
.# ...# #............#
# #### #$.....(.....#
#......7~~~7.#
##....#P~~~~.. #....
..P~... ..### #.....#
#.. ##.##


You could see Edmund (extremely poisoned).

Vanquished Creatures
  An ice beast (D:5)
  2 phantoms (D:5)
  A necrophage (D:5)
  Terence (D:3)
  4 orc wizards
  6 adders
  A white imp (D:5)
  3 ufetubi
  A worm (D:2)
  3 dart slugs
  7 orcs
  5 bats (D:1)
  5 endoplasms
  2 giant cockroaches
  4 goblins
  6 hobgoblins
  9 kobolds
  5 quokkas
  9 ball pythons
  5 frilled lizards
  4 rats
84 creatures vanquished.

Notes
Turn   | Place    | Note
-------+----------+-------------------------------------------
     0 | D:5      | MrRokkomies the Armataur Delver began the quest for the
                  | Orb.
     0 | D:5      | Reached XP level 1. HP: 19/19 MP: 1/1
    22 | D:5      | Reached skill level 1 in Armour
    22 | D:5      | Reached XP level 2. HP: 23/26 MP: 2/2
    63 | D:5      | Found a transporter.
    71 | D:5      | Noticed a phantom
   113 | D:4      | Found a staircase to the Ecumenical Temple.
   129 | Temple   | Entered the Ecumenical Temple
   345 | Temple   | Became a worshipper of Cheibriados the Contemplative
   432 | D:4      | Reached XP level 3. HP: 12/33 MP: 3/3
  1065 | D:1      | Reached * piety under Cheibriados
  1151 | D:1      | Reached XP level 4. HP: 40/40 MP: 4/4
  1716 | D:2      | Reached ** piety under Cheibriados
  2164 | D:3      | Reached skill level 1 in Invocations
  2165 | D:3      | Reached XP level 5. HP: 37/49 MP: 5/5
  2443 | D:3      | Noticed Terence
  2455 | D:3      | Killed Terence
  2956 | D:4      | Found Zin's Purification Station.
  3098 | D:4      | Found a glowing silver altar of Zin.
  3101 | D:4      | Bought a potion of curing for 90 gold pieces
  3460 | D:5      | Reached XP level 6. HP: 38/55 MP: 7/7
  3560 | D:5      | Reached *** piety under Cheibriados
  3588 | D:5      | Got the Codex of Virulent Ignition
  3589 | D:5      | Noticed an ice beast
  3602 | D:5      | Killed an ice beast
  3784 | D:5      | Noticed a fire bat
  3828 | D:5      | Reached skill level 5 in Armour
  3842 | D:5      | Found a transporter.
  3842 | D:5      | Noticed Edmund
  3853 | D:5      | Reached XP level 7. HP: 29/64 MP: 8/8
  3868 | D:5      | Slain by Edmund

Illustrated notes

Levels and vault maps discovered:
D:1:      matt_arrival_refuge, layout_loops_ring
D:2:      layout_rooms
D:3:      layout_basic, uniq_terence
D:4:      layout_basic, zin_purify, minmay_temple_entry_stoned_glass,
          kennysheep_another_room
D:5:      gammafunk_cloud_chamber, layout_cave_pools, serial_bayou_pond_e,
          chequers_arboretum, uniq_edmund
Temple:   nicolae_temple_slightly_damp_pantheon

Skill      XL: |  1  2  3  4  5  6 |
---------------+-------------------+-----
Armour         | 1 2 3 4 5 |  5.2
Fighting       | 3 4 |  4.9
Dodging        | 2 |  2.7
Invocations    | 1 2 |  2.4
Maces & Flails | |  1.7
Stealth        | |  5.4

Action                   |  1- 3 |  4- 6 |  7- 9 || total
-------------------------+-------+-------+-------++-------
Melee: Mace              |    31 |       |       ||    31
       Tailslap          |     9 |    35 |     2 ||    46
       Dagger            |    27 |   191 |    14 ||   232
       Punch             |       |     2 |       ||     2
  Use: Scroll            |       |     3 |       ||     3
       Potion            |       |       |     2 ||     2
 Stab: Sleeping          |     8 |    10 |       ||    18
       Distracted        |     1 |       |       ||     1
Armor: Leather armour    |    12 |    57 |       ||    69
       Scale mail        |       |    40 |     1 ||    41
Dodge: Dodged            |    21 |   111 |     5 ||   137

Table legend: (Time is in decaauts)
 A = Elapsed time spent in this place.
 B = Non-inter-level travel time spent in this place.
 C = Inter-level travel time spent in this place.
 D = Time resting spent in this place.
 E = Time spent auto-exploring this place.
 F = Levels seen in this place.
 G = Mean time per level.
                   A        B        C        D        E       F      G
               +--------+--------+--------+--------+--------+-----+--------+
         Total |   5015 |   4724 |    291 |    204 |   3732 |   6 |  835.8 |
       Dungeon |   4774 |   4506 |    268 |    204 |   3582 |   5 |  954.8 |
        Temple |    240 |    217 |     23 |      0 |    150 |   1 |  240.0 |
               +--------+--------+--------+--------+--------+-----+--------+

Top non-repeatable levels by time:
     D:3: 1164 daAuts
     D:4: 1131 daAuts
     D:1: 994 daAuts
     D:2: 801 daAuts
     D:5: 682 daAuts
  Temple: 240 daAuts
